 Dungeon Crawl Stone Soup version 0.28.0 (webtiles) character file.

Game seed: 3136799610576176141

1939 willcat the Skirmisher (level 9, 0/66 HPs)
             Began as a Djinni Cinder Acolyte on Feb 4, 2022.
             Was a Priest of Ignis.
             Slain by a gnoll sergeant (12 damage)
             ... on level 6 of the Dungeon.
             The game lasted 00:11:24 (8063 turns).

willcat the Skirmisher (Djinni Cinder Acolyte)      Turns: 8063, Time: 00:11:25

Health: 0/66       AC:  8    Str: 13    XL:     9   Next: 41%
Gold:   179        EV:  6    Int: 18    God:    Ignis [***...] SH:  0 Dex: 11

rFire   + + +      SeeInvis +   a - +3 falchion (flame)
rCold   . . .      Faith    .   B - +0 kite shield
rNeg    . . .      Spirit   .   x - +1 leather armour {rC+}
rPois   ∞          Reflect  .   h - +1 helmet {SInv}
rElec   .          Harm     .   (no cloak)
rCorr   .          Rampage  .   g - +0 pair of gloves
Will    .....                   (boots unavailable)
Stlth   +.........              (no amulet)
HPRegen 0.21/turn               (no ring)
MPRegen 0.00/turn               (no ring)

@: marked, flying, held
A: sickness immunity, fire resistance 2, cold vulnerability 1, float, innate
caster, HP casting, extra vitality 1
a: Renounce Religion, Fiery Armour, Foxfire Swarm, Rising Flame


You were on level 6 of the Dungeon.
You worshipped Ignis.
Ignis was most pleased with you.
You visited 1 branch of the dungeon, and saw 6 of its levels.
You also visited: Sewer.

You collected 179 gold pieces.

Inventory:

Hand Weapons
 a - a +3 falchion of flaming (weapon)
Missiles
 z - 12 poisoned darts (quivered)
Armour
 g - a +0 pair of gloves (worn)
 h - a +1 helmet of see invisible (worn)
 x - a +1 leather armour of cold resistance (worn)
 B - a +0 kite shield (worn)
Jewellery
 c - an amulet of faith
Wands
 s - a wand of charming (7)
Scrolls
 b - a scroll of brand weapon {unknown}
 e - a scroll of fog
 m - 2 scrolls of vulnerability
 n - a scroll of holy word {unknown}
 o - a scroll of fear {unknown}
 r - a scroll of noise {unknown}
 u - 4 scrolls of immolation {unknown}
 v - a scroll of identify
 y - a scroll of magic mapping {unknown}
Potions
 d - a potion of magic {unknown}
 i - 3 potions of curing
 j - a potion of resistance {unknown}
 k - a potion of brilliance {unknown}
 l - 2 potions of heal wounds {unknown}
 p - a potion of berserk rage {unknown}
 q - a potion of might
 t - a potion of cancellation {unknown}
 w - 3 potions of lignification {unknown}
 A - a potion of haste {unknown}


   Skills:
 + Level 6.0 Fighting
 + Level 5.5 Long Blades
 + Level 4.7 Armour
 + Level 5.6 Dodging
 + Level 0.1 Shields
 + Level 4.6 Spellcasting


You had 6 spell levels left.
You knew the following spells:

 Your Spells              Type           Power      Damage    Failure   Level
a - Scorch                Fire           42%        2d7       14%         2
b - Apportation           Tloc           42%        N/A       9%          1
c - Ensorcelled Hibernat  Hex/Ice        42%        N/A       14%         2
d - Conjure Flame         Conj/Fire      21%        6-21      26%         3
e - Spider Form           Tmut/Pois      21%        N/A       26%         3
Your spell library was empty.

Dungeon Overview and Level Annotations

Branches:
Dungeon (6/15)              Sewer (visited)
 Temple: D:4-7

Altars:
Ashenzari
Dithmenos
Ru
Trog


Innate Abilities, Weirdness & Mutations

You are immune to sickness and miasma.
You are immune to poison.
Your flesh is very heat resistant. (rF++)
You are vulnerable to cold. (rC-)
You float through the air rather than walking.
You learn spells naturally, not from books.
Your magical power is your life essence.
You have superior vitality. (+4 MHP)


Message History

The black bear claws you but does no damage.
Okay, then.
As you read the scroll of teleportation, it crumbles to dust.
You feel strangely unstable. The gnoll hits you but does no damage.
You block the black bear's attack. The black bear claws you.
You block the black bear's attack.
The gnoll sergeant hits you from afar with a +2 vorpal trident!
The gnoll hits you with a +2 whip of venom.
* * * LOW HITPOINT WARNING * * *
You are no longer corroded.
Your surroundings suddenly seem different.
A gnoll, a hound and a steam dragon come into view.
The steam dragon breathes steam at you. The ball of steam hits you. You resist.
* * * LOW HITPOINT WARNING * * *
The ball of steam hits the gnoll!
The gnoll dies!
The gnoll throws a throwing net.
The throwing net hits you.
You become entangled in the net!
You see here a throwing net.
Unknown command.
Unknown command.
You struggle against the net.
The gnoll hits you from afar with a +0 spear.
* * * LOW HITPOINT WARNING * * *
Unknown command.
It was a potion of curing.
You feel better.
The gnoll sergeant hits you from afar with a +2 vorpal trident.
* * * LOW HITPOINT WARNING * * *
x2 The gnoll hits you but does no damage.
The hound is engulfed in a cloud of scalding steam.
The hound barely misses you. The gnoll completely misses you.
Unknown command.
Unknown command.
As you read the scroll labelled OTHOZU CEOSU, it crumbles to dust.
The scroll dissolves into smoke.
It was a scroll of fog.
The hound is engulfed in a cloud of scalding steam.
The hound bites you but does no damage.
The gnoll sergeant hits you from afar with a +2 vorpal trident!
You die...

#.... ########## #..!
#........# #..
#........#########'#######
#............<...........#
#.............)..........#
#............§§§§...[....#
#...........§§g§§gh......#
#...........§Dh@§ggg.....#
...########################
...# ...+ ...# ...# ...#


You could see a steam dragon, a black bear, a gnoll sergeant, a hound and 2
gnolls.

Vanquished Creatures
  A troll (D:6)
  Grinder (D:3)
  The ghost of buriedalive the Firebug, an amateur DEFE (D:4)
  A black bear (D:5)
  3 necrophages
  An ogre (D:5)
  2 centaurs (D:5)
  2 phantoms (D:5)
  A kobold brigand (D:4)
  A bullfrog skeleton (D:5)
  2 hounds
  5 jellies
  An iguana (D:5)
  An orc wizard (D:4)
  A hound zombie (D:5)
  2 hound skeletons (D:4)
  A howler monkey skeleton (D:4)
  Robin (D:3)
  4 gnolls (D:4)
  4 river rats
  4 adders
  5 worms
  3 dart slugs
  3 orcs (D:5)
  14 ball pythons
  5 bats
  16 endoplasms
  7 giant cockroaches
  16 goblins
  14 hobgoblins
  2 jackals (D:1)
  5 quokkas
  6 frilled lizards
  17 kobolds
  8 rats
161 creatures vanquished.

Vanquished Creatures (others)
  A gnoll (D:6)
  58 foxfires
59 creatures vanquished.

Grand Total: 220 creatures vanquished

Notes
Turn   | Place    | Note
-------+----------+-------------------------------------------
     0 | D:1      | willcat the Djinni Cinder Acolyte began the quest for the
                  | Orb.
     0 | D:1      | Reached XP level 1. HP: 20/20 MP: 0/0
   249 | D:1      | Reached XP level 2. HP: 23/25 MP: 0/0
   425 | D:1      | Found a broken altar of Ashenzari.
   447 | D:1      | Reached skill level 1 in Dodging
   748 | D:1      | Reached XP level 3. HP: 30/30 MP: 0/0
   748 | D:1      | Learned a level 1 spell: Apportation
  1544 | D:2      | Reached XP level 4. HP: 27/35 MP: 0/0
  3019 | D:3      | Noticed Grinder
  3037 | D:3      | Paralysed by Grinder for 2 turns
  3040 | D:3      | Killed Grinder
  3041 | D:3      | Reached skill level 4 in Fighting
  3041 | D:3      | Reached skill level 1 in Armour
  3041 | D:3      | Reached XP level 5. HP: 26/41 MP: 0/0
  3041 | D:3      | Learned a level 2 spell: Ensorcelled Hibernation
  3041 | D:3      | Reached XP level 6. HP: 29/47 MP: 0/0
  3080 | D:3      | Noticed a black bear
  3404 | D:3      | Found a glowing drain.
  3429 | Sewer    | Entered a sewer
  3917 | Sewer    | Reached XP level 7. HP: 41/52 MP: 0/0
  3917 | Sewer    | Learned a level 3 spell: Conjure Flame
  3984 | Sewer    | Found a viscous altar of Jiyva.
  4348 | D:3      | Found a shadowy altar of Dithmenos.
  4351 | D:3      | Found a sacrificial altar of Ru.
  4355 | D:3      | Found a bloodstained altar of Trog.
  4564 | D:4      | Found a runed translucent gate.
  4571 | D:4      | Noticed Robin
  4600 | D:3      | Killed Robin
  5130 | D:4      | Found a runed translucent gate.
  5131 | D:4      | Found a runed translucent gate.
  5132 | D:4      | Noticed buriedalive's ghost (amateur DEFE)
  5449 | D:4      | Found a broken altar of Ashenzari.
  5717 | D:4      | Killed buriedalive's ghost
  5718 | D:4      | Reached XP level 8. HP: 46/58 MP: 0/0
  5749 | D:4      | Reached skill level 5 in Fighting
  5942 | D:5      | Entered Level 5 of the Dungeon
  6438 | D:5      | Reached skill level 5 in Long Blades
  6707 | D:5      | Reached skill level 5 in Dodging
  6707 | D:5      | Reached XP level 9. HP: 62/65 MP: 0/0
  6707 | D:5      | Learned a level 3 spell: Spider Form
  7918 | D:6      | Noticed a troll
  7939 | D:6      | Killed a troll
  7940 | D:6      | Reached skill level 6 in Fighting
  8063 | D:6      | Slain by a gnoll sergeant

Illustrated notes

Levels and vault maps discovered:
D:1:      minmay_arrival_shoal_huts, layout_rooms, kennysheep_flooded_box
D:2:      layout_basic
D:3:      layout_basic, nicolae_overflow_hidden_temple, portal_sewer_entry_b,
          uniq_grinder
D:4:      layout_loops_ring, nicolae_ashenzari_skybound,
          gammafunk_ghost_nasty_kobolds, uniq_robin
D:5:      layout_rooms, minmay_hedge_maze, st_stairs_2
D:6:      layout_gridville

Skill      XL: |  1  2  3  4  5  6  7  8  9 |
---------------+----------------------------+-----
Dodging        | 1 2 3 4 5 |  5.6
Long Blades    | 3 4 5 |  5.5
Fighting       | 4 5 6 |  6.0
Armour         | 1 2 3 4 |  4.7
Spellcasting   | 3 4 |  4.6
Shields        | |  0.1

Action                   |  1- 3 |  4- 6 |  7- 9 || total
-------------------------+-------+-------+-------++-------
Melee: Falchion          |   103 |   164 |   163 ||   430
       Unarmed           |       |       |     2 ||     2
       Punch             |       |       |     1 ||     1
Throw: Dart              |       |       |     4 ||     4
 Cast: Scorch            |     3 |     6 |    57 ||    66
       Ensorcelled Hiber |       |     3 |     4 ||     7
       Spider Form       |       |       |     1 ||     1
Invok: Foxfire Swarm     |     1 |     1 |     2 ||     4
       Fiery Armour      |       |     1 |       ||     1
Evoke: Wand              |       |       |     1 ||     1
  Use: Scroll            |       |     6 |     3 ||     9
       Potion            |       |       |     2 ||     2
Armor: Robe              |    32 |    21 |       ||    53
       Ring mail         |       |    72 |    34 ||   106
       Leather armour    |       |       |    49 ||    49
Dodge: Dodged            |    76 |   129 |   119 ||   324
Block: Kite shield       |       |       |     3 ||     3
